| TOP OF THE 1ST |
|
Kansas City Royals batting - Pitching for Texas Rangers : RHP Bas Kooy
|
|
Pitching: RHP Bas Kooy
|
|
|
Batting: SHB Jose Pacheco
|
0-0: Ground out 5-3 (Groundball, 56S, EV 70.6 MPH)
|
|
Batting: RHB Matt Belgard
|
0-0: Called Strike 0-1: Foul Ball, location: 2F 0-2: Ball 1-2: Foul Ball, location: 2F 1-2: Strikes out looking
|
|
Batting: LHB Mike Meyerhoff
|
0-0: Ground out 6-3 (Groundball, 6, EV 85.6 MPH)
|
| Top of the 1st over - 0 runs, 0 hits, 0 errors, 0 left on base; Kansas City 0 - Texas 0 |
| BOTTOM OF THE 1ST |
|
Texas Rangers batting - Pitching for Kansas City Royals : RHP Bryan Boykin
|
|
Pitching: RHP Bryan Boykin
|
|
|
Batting: LHB Sean Geisler
|
0-0: Ball 1-0: Called Strike 1-1: Foul Ball, location: 2F 1-2: Ball 2-2: Ground out 4-3 (Groundball, 4D, EV 85.0 MPH)
|
|
Batting: RHB Zhao-ji Chi
|
0-0: Ball 1-0: Ball 2-0: Foul Ball, location: 2F 2-1: Ball 3-1: Base on Balls
|
|
Batting: LHB Jake Rheaume
|
0-0: Foul Ball, location: 2F 0-1: Ball 1-1: Called Strike 1-2: Ball 2-2: Foul Ball, location: 2F 2-2: Foul Ball, location: 2F 2-2: Foul Ball, location: 2F 2-2: Ball 3-2: Foul Ball, location: 2F 3-2: Fielders Choice at 2nd, 4-6 (Groundball, 4M, EV 78.8 MPH)
|
|
Batting: SHB John Giesbrecht
|
0-0: Called Strike 0-1: Foul Ball, location: 2F 0-2: Foul Ball, location: 2F 0-2: Foul Ball, location: 2F 0-2: Ball 1-2: Foul Ball, location: 2F 1-2: Ball 2-2: Ball 3-2: Foul Ball, location: 2F 3-2: Base on Balls Jake Rheaume to second
|
|
Batting: RHB Blake Ballard
|
0-0: Foul Ball, location: 2F 0-1: Called Strike 0-2: Foul Ball, location: 2F 0-2: Ball 1-2: Ball 2-2: Ball 3-2: Base on Balls Jake Rheaume to third John Giesbrecht to second
|
|
Batting: RHB Chris Torlak
|
0-0: Ball 1-0: Swinging Strike 1-1: Called Strike 1-2: Fielders Choice at 2nd, 5-4 (Groundball, 5, EV 89.4 MPH)
|
| Bottom of the 1st over - 0 runs, 0 hits, 0 errors, 3 left on base; Kansas City 0 - Texas 0 |
| TOP OF THE 2ND |
|
Kansas City Royals batting - Pitching for Texas Rangers : RHP Bas Kooy
|
|
Batting: RHB Mike Jaquez
|
0-0: Swinging Strike 0-1: Foul Ball, location: 2F 0-2: Ball 1-2: SOLO HOME RUN (Flyball, 9D, EV 100.6 MPH), Distance : 378 ft
|
|
Batting: LHB Roman Downey
|
0-0: Called Strike 0-1: Ball 1-1: SINGLE (Groundball, 4MD, EV 103.1 MPH)
|
|
Batting: SHB Gil Switzer
|
0-0: Ball 1-0: Called Strike 1-1: Called Strike 1-2: Ball 2-2: Fly out, F3 (Popup, 3SF, EV 66.2 MPH)
|
|
Batting: LHB Bill Baconneck
|
0-0: Called Strike 0-1: Ball 1-1: Foul Ball, location: 2F 1-2: Ball 2-2: Strikes out looking
|
|
Batting: RHB Walt Cogswell
|
0-0: Foul Ball, location: 2F 0-1: DOUBLE (Line Drive, 9LM, EV 95.0 MPH) Roman Downey to third
|
|
Batting: LHB Justin Rupert
|
0-0: DOUBLE (Line Drive, 78D, EV 102.5 MPH) Roman Downey scores Walt Cogswell scores
|
|
Batting: SHB Jose Pacheco
|
0-0: Called Strike 0-1: Ball 1-1: Foul Ball, location: 2F 1-2: Strikes out swinging
|
| Top of the 2nd over - 3 runs, 4 hits, 0 errors, 1 left on base; Kansas City 3 - Texas 0 |
| BOTTOM OF THE 2ND |
|
Texas Rangers batting - Pitching for Kansas City Royals : RHP Bryan Boykin
|
|
Batting: SHB Tony Prado
|
0-0: Ball 1-0: Called Strike 1-1: Swinging Strike 1-2: Strikes out swinging
|
|
Batting: RHB John Peterson
|
0-0: Ground out 5-3 (Groundball, 5, EV 87.5 MPH)
|
|
Batting: SHB Vince Ealy
|
0-0: Ball 1-0: Ground out 5-3 (Groundball, 56, EV 97.5 MPH)
|
| Bottom of the 2nd over - 0 runs, 0 hits, 0 errors, 0 left on base; Kansas City 3 - Texas 0 |
| TOP OF THE 3RD |
|
Kansas City Royals batting - Pitching for Texas Rangers : RHP Bas Kooy
|
|
Batting: RHB Matt Belgard
|
0-0: Called Strike 0-1: Called Strike 0-2: Ball 1-2: Strikes out swinging
|
|
Batting: LHB Mike Meyerhoff
|
0-0: Ball 1-0: DOUBLE (Line Drive, 78D, EV 111.2 MPH)
|
|
Batting: RHB Mike Jaquez
|
0-0: Called Strike 0-1: SINGLE (Groundball, 25, EV 62.5 MPH) (infield hit) Mike Meyerhoff to third
|
|
Batting: LHB Roman Downey
|
0-0: Ball 1-0: Called Strike 1-1: DOUBLE (Flyball, 78XD, EV 106.2 MPH) Mike Meyerhoff scores Mike Jaquez to third
|
|
Batting: SHB Gil Switzer
|
0-0: Foul Ball, location: 2F 0-1: Ball 1-1: Ball 2-1: Foul Ball, location: 2F 2-2: Ball 3-2: Strikes out swinging
|
|
Batting: LHB Bill Baconneck
|
0-0: Ground out 3-1 (Groundball, 34S, EV 82.5 MPH)
|
| Top of the 3rd over - 1 run, 3 hits, 0 errors, 2 left on base; Kansas City 4 - Texas 0 |
| BOTTOM OF THE 3RD |
|
Texas Rangers batting - Pitching for Kansas City Royals : RHP Bryan Boykin
|
|
Batting: LHB Sean Geisler
|
0-0: Ball 1-0: Called Strike 1-1: Ball 2-1: Ground out 4-3 (Groundball, 34, EV 86.2 MPH)
|
|
Batting: RHB Zhao-ji Chi
|
0-0: Ball 1-0: Ball 2-0: Ball 3-0: Called Strike 3-1: Fly out, F6 (Popup, 6, EV 70.6 MPH)
|
|
Batting: LHB Jake Rheaume
|
0-0: Ball 1-0: Foul Ball, location: 2F 1-1: Foul Ball, location: 2F 1-2: Strikes out looking
|
| Bottom of the 3rd over - 0 runs, 0 hits, 0 errors, 0 left on base; Kansas City 4 - Texas 0 |
| TOP OF THE 4TH |
|
Kansas City Royals batting - Pitching for Texas Rangers : RHP Bas Kooy
|
|
Batting: RHB Walt Cogswell
|
0-0: Ball 1-0: Ground out 4-3 (Groundball, 4, EV 108.8 MPH)
|
|
Batting: LHB Justin Rupert
|
0-0: Ball 1-0: Ball 2-0: Ground out 6-3 (Groundball, 6, EV 93.1 MPH)
|
|
Batting: SHB Jose Pacheco
|
0-0: Called Strike 0-1: Ball 1-1: Called Strike 1-2: Foul Ball, location: 2F 1-2: Strikes out looking
|
| Top of the 4th over - 0 runs, 0 hits, 0 errors, 0 left on base; Kansas City 4 - Texas 0 |
| BOTTOM OF THE 4TH |
|
Texas Rangers batting - Pitching for Kansas City Royals : RHP Bryan Boykin
|
|
Batting: SHB John Giesbrecht
|
0-0: Fly out, F4 (Popup, 34S, EV 81.9 MPH)
|
|
Batting: RHB Blake Ballard
|
0-0: Ball 1-0: Called Strike 1-1: Ground out 1-3 (Groundball, 34S, EV 75.0 MPH)
|
|
Batting: RHB Chris Torlak
|
0-0: Called Strike 0-1: Foul Ball, location: 2F 0-2: Foul Ball, location: 2F 0-2: Foul Ball, location: 2F 0-2: Strikes out looking
|
| Bottom of the 4th over - 0 runs, 0 hits, 0 errors, 0 left on base; Kansas City 4 - Texas 0 |
| TOP OF THE 5TH |
|
Kansas City Royals batting - Pitching for Texas Rangers : RHP Bas Kooy
|
|
Batting: RHB Matt Belgard
|
0-0: Called Strike 0-1: Called Strike 0-2: Strikes out swinging
|
|
Batting: LHB Mike Meyerhoff
|
0-0: Ball 1-0: Foul Ball, location: 2F 1-1: Swinging Strike 1-2: Ball 2-2: SINGLE (Groundball, 6M, EV 102.5 MPH) (infield hit)
|
|
Batting: RHB Mike Jaquez
|
0-0: Called Strike 0-1: Ball 1-1: Called Strike Mike Meyerhoff is caught stealing 2nd base 2-4 1-2: Foul Ball, location: 2F 1-2: Ball 2-2: Foul Ball, location: 2F 2-2: Ground out 6-3 (Groundball, 56, EV 102.5 MPH)
|
| Top of the 5th over - 0 runs, 1 hit, 0 errors, 0 left on base; Kansas City 4 - Texas 0 |
| BOTTOM OF THE 5TH |
|
Texas Rangers batting - Pitching for Kansas City Royals : RHP Bryan Boykin
|
|
Batting: SHB Tony Prado
|
0-0: Called Strike 0-1: Ball 1-1: Swinging Strike 1-2: Foul Ball, location: 2F 1-2: Strikes out looking
|
|
Batting: RHB John Peterson
|
0-0: Called Strike 0-1: Swinging Strike 0-2: Strikes out swinging
|
|
Batting: SHB Vince Ealy
|
0-0: Foul Ball, location: 2F 0-1: Called Strike 0-2: Ball 1-2: Foul Ball, location: 2F 1-2: Foul Ball, location: 2F 1-2: Strikes out swinging
|
| Bottom of the 5th over - 0 runs, 0 hits, 0 errors, 0 left on base; Kansas City 4 - Texas 0 |
| TOP OF THE 6TH |
|
Kansas City Royals batting - Pitching for Texas Rangers : RHP Bas Kooy
|
|
Batting: LHB Roman Downey
|
0-0: Foul Ball, location: 2F 0-1: Called Strike 0-2: Ball 1-2: Ball 2-2: Ball 3-2: Strikes out swinging
|
|
Batting: SHB Gil Switzer
|
0-0: Ball 1-0: Called Strike 1-1: DOUBLE (Groundball, 3L, EV 104.4 MPH)
|
|
Batting: LHB Bill Baconneck
|
0-0: Ball 1-0: Ball 2-0: SINGLE (Line Drive, 9S, EV 91.9 MPH) Gil Switzer to third
|
|
Batting: RHB Walt Cogswell
|
0-0: Ball 1-0: Ball 2-0: Called Strike 2-1: DOUBLE (Groundball, 5L, EV 100.0 MPH) Gil Switzer scores Bill Baconneck to third
|
|
Pitching: RHP Danny Nsoah
|
|
|
Batting: LHB Justin Rupert
|
0-0: Foul Ball, location: 2F 0-1: Ball 1-1: Foul Ball, location: 2F 1-2: Strikes out swinging
|
|
Batting: SHB Jose Pacheco
|
0-0: Called Strike 0-1: Ball 1-1: Fly out, F6 (Popup, 4S, EV 81.2 MPH)
|
| Top of the 6th over - 1 run, 3 hits, 0 errors, 2 left on base; Kansas City 5 - Texas 0 |
| BOTTOM OF THE 6TH |
|
Texas Rangers batting - Pitching for Kansas City Royals : RHP Bryan Boykin
|
|
Batting: LHB Sean Geisler
|
0-0: DOUBLE (Line Drive, 89D, EV 103.8 MPH)
|
|
Batting: RHB Zhao-ji Chi
|
0-0: Called Strike 0-1: Swinging Strike 0-2: Strikes out swinging
|
|
Batting: LHB Jake Rheaume
|
0-0: Ball 1-0: Called Strike 1-1: Ball 2-1: Ball 3-1: Base on Balls
|
|
Batting: SHB John Giesbrecht
|
0-0: Ball 1-0: Ball 2-0: Foul Ball, location: 2F 2-1: Foul Ball, location: 2F 2-2: Foul Ball, location: 2F 2-2: Ball 3-2: 3-RUN HOME RUN (Line Drive, 7D, EV 112.5 MPH), Distance : 406 ft
|
|
Batting: RHB Blake Ballard
|
0-0: Ball 1-0: Foul Ball, location: 2F 1-1: Foul Ball, location: 2F 1-2: SINGLE (Groundball, 34S, EV 77.5 MPH) (infield hit)
|
|
Pitching: RHP Brandon Ferrari
|
|
|
Pinch Hitting: SHB Hans Mikkelsen
|
0-0: Ball 1-0: SINGLE (Groundball, 3S, EV 66.9 MPH) (infield hit) Blake Ballard to second
|
|
Batting: SHB Tony Prado
|
0-0: Ball 1-0: Ball 2-0: Ball 3-0: Base on Balls Blake Ballard to third Hans Mikkelsen to second
|
|
Batting: RHB John Peterson
|
0-0: Grounds into fielders choice 5-2 (Groundball, 56, EV 85.0 MPH) Hans Mikkelsen to third Tony Prado to second
|
|
Batting: SHB Vince Ealy
|
0-0: Called Strike 0-1: SINGLE (Groundball, 56D, EV 103.1 MPH) Hans Mikkelsen scores Tony Prado to third John Peterson to second Runner from 3rd tries for Home, SAFE, throw by LF to home
|
|
Batting: LHB Sean Geisler
|
0-0: Ball 1-0: Foul Ball, location: 2F 1-1: Ball 2-1: Foul Ball, location: 2F 2-2: Ground out 4-3 (Groundball, 4, EV 75.6 MPH)
|
| Bottom of the 6th over - 5 runs, 5 hits, 0 errors, 2 left on base; Kansas City 5 - Texas 5 |
| TOP OF THE 7TH |
|
Kansas City Royals batting - Pitching for Texas Rangers : RHP Danny Nsoah
|
|
Pitching: RHP Kyle Curve
|
|
|
Now at 3B: Rich Chavez
|
|
|
Batting: RHB Matt Belgard
|
0-0: Called Strike 0-1: Ball 1-1: Ball 2-1: Foul Ball, location: 2F 2-2: Ball 3-2: Foul Ball, location: 2F 3-2: Fly out, F7 (Flyball, 78M, EV 86.9 MPH)
|
|
Batting: LHB Mike Meyerhoff
|
0-0: Ball 1-0: Swinging Strike 1-1: Called Strike 1-2: Strikes out swinging
|
|
Batting: RHB Mike Jaquez
|
0-0: Called Strike 0-1: Ball 1-1: Called Strike 1-2: Ball 2-2: Foul Ball, location: 2F 2-2: Foul Ball, location: 2F 2-2: Foul Ball, location: 2F 2-2: Strikes out swinging
|
| Top of the 7th over - 0 runs, 0 hits, 0 errors, 0 left on base; Kansas City 5 - Texas 5 |
| BOTTOM OF THE 7TH |
|
Texas Rangers batting - Pitching for Kansas City Royals : RHP Brandon Ferrari
|
|
Batting: RHB Zhao-ji Chi
|
0-0: Ground out U3 (Groundball, 34S, EV 66.2 MPH)
|
|
Batting: LHB Jake Rheaume
|
0-0: Ball 1-0: SINGLE (Flyball, 7LM, EV 79.4 MPH)
|
|
Batting: SHB John Giesbrecht
|
0-0: Ball 1-0: Called Strike 1-1: Foul Ball, location: 2F 1-2: Fly out, F9 (Line Drive, 89M, EV 93.8 MPH)
|
|
Batting: RHB Blake Ballard
|
0-0: Called Strike 0-1: Called Strike 0-2: Ball 1-2: Strikes out looking
|
| Bottom of the 7th over - 0 runs, 1 hit, 0 errors, 1 left on base; Kansas City 5 - Texas 5 |
| TOP OF THE 8TH |
|
Kansas City Royals batting - Pitching for Texas Rangers : RHP Kyle Curve
|
|
Pitching: LHP Dylan Batstone
|
|
|
Batting: LHB Roman Downey
|
0-0: Fly out, F9 (Flyball, 89M, EV 86.9 MPH)
|
|
Batting: SHB Gil Switzer
|
0-0: Called Strike 0-1: Ground out 5-3 (Groundball, 5S, EV 85.0 MPH)
|
|
Batting: LHB Bill Baconneck
|
0-0: Called Strike 0-1: Foul Ball, location: 2F 0-2: Ball 1-2: Foul Ball, location: 2F 1-2: SOLO HOME RUN (Flyball, 8RXD, EV 102.5 MPH), Distance : 420 ft
|
|
Batting: RHB Walt Cogswell
|
0-0: SOLO HOME RUN (Flyball, 9D, EV 98.1 MPH), Distance : 408 ft
|
|
Batting: LHB Justin Rupert
|
0-0: Ball 1-0: Foul Ball, location: 2F 1-1: DOUBLE (Flyball, 8RXD, EV 88.8 MPH)
|
|
Batting: SHB Jose Pacheco
|
0-0: Called Strike 0-1: Ball 1-1: Ball 2-1: Ball 3-1: Base on Balls
|
|
Batting: RHB Matt Belgard
|
0-0: Ball 1-0: Called Strike 1-1: Ball 2-1: SINGLE (Groundball, 25, EV 69.4 MPH) (infield hit) Justin Rupert to third Jose Pacheco to second
|
|
Batting: LHB Mike Meyerhoff
|
0-0: Ball 1-0: Swinging Strike 1-1: Foul Ball, location: 2F 1-2: Foul Ball, location: 2F 1-2: Strikes out swinging
|
| Top of the 8th over - 2 runs, 4 hits, 0 errors, 3 left on base; Kansas City 7 - Texas 5 |
| BOTTOM OF THE 8TH |
|
Texas Rangers batting - Pitching for Kansas City Royals : RHP Brandon Ferrari
|
|
Now at 2B: Matt Belgard
|
|
|
Now at 3B: Mikolas Markus
|
|
|
Batting: SHB Rich Chavez
|
0-0: Called Strike 0-1: Foul Ball, location: 2F 0-2: Ball 1-2: Ball 2-2: Ball 3-2: Fly out, F8 (Line Drive, 8LM, EV 90.6 MPH)
|
|
Batting: SHB Tony Prado
|
0-0: Foul Ball, location: 2F 0-1: Swinging Strike 0-2: Foul Ball, location: 2F 0-2: Ball 1-2: Ground out 2-3 (Groundball, 2L, EV 65.0 MPH)
|
|
Batting: RHB John Peterson
|
0-0: Ball 1-0: Ball 2-0: Ball 3-0: Called Strike 3-1: Called Strike 3-2: Strikes out swinging
|
| Bottom of the 8th over - 0 runs, 0 hits, 0 errors, 0 left on base; Kansas City 7 - Texas 5 |
| TOP OF THE 9TH |
|
Kansas City Royals batting - Pitching for Texas Rangers : LHP Dylan Batstone
|
|
Pitching: RHP Mike Webb
|
|
|
Batting: RHB Mikolas Markus
|
0-0: Foul Ball, location: 2F 0-1: SINGLE (Groundball, 34D, EV 103.1 MPH)
|
|
Batting: LHB Roman Downey
|
0-0: Swinging Strike 0-1: Hit by Pitch Mikolas Markus to second
|
|
Batting: SHB Gil Switzer
|
0-0: Called Strike 0-1: Fly out, F9 (Flyball, 9S, EV 91.9 MPH)
|
|
Batting: LHB Bill Baconneck
|
0-0: Called Strike 0-1: Fly out, F8 (Flyball, 8RD, EV 100.0 MPH)
|
|
Batting: RHB Walt Cogswell
|
0-0: Called Strike 0-1: Foul Ball, location: 2F 0-2: Strikes out looking
|
| Top of the 9th over - 0 runs, 1 hit, 0 errors, 2 left on base; Kansas City 7 - Texas 5 |
| BOTTOM OF THE 9TH |
|
Texas Rangers batting - Pitching for Kansas City Royals : RHP Brandon Ferrari
|
|
Pitching: RHP Joe Noonan
|
|
|
Batting: SHB Vince Ealy
|
0-0: Called Strike 0-1: Foul Ball, location: 2F 0-2: Strikes out looking
|
|
Batting: LHB Sean Geisler
|
0-0: Called Strike 0-1: Foul Ball, location: 2F 0-2: Strikes out looking
|
|
Batting: RHB Zhao-ji Chi
|
0-0: Called Strike 0-1: Swinging Strike 0-2: Ball 1-2: Strikes out looking
|
| Bottom of the 9th over - 0 runs, 0 hits, 0 errors, 0 left on base; Kansas City 7 - Texas 5 |
|